 Dungeon Crawl Stone Soup version 0.29.1-13-g9f3cf754e1 (webtiles) character file.

Game seed: 17623737579177669072

7074 xian the Summoner (level 10, -2/61 HPs)
             Began as a Demonspawn Summoner on Jan 31, 2023.
             Was a Believer of Hepliaklqana.
             Slain by a six-headed hydra (6 damage)
             ... on level 1 of the Lair of Beasts.
             The game lasted 00:42:45 (8064 turns).

xian the Summoner (Demonspawn Summoner)             Turns: 8064, Time: 00:42:46

Health: -2/61      AC: 13    Str: 12    XL:     10   Next: 84%
Magic:  22/22      EV: 11    Int: 21    God:    Hepliaklqana [**....]
Gold:   353        SH:  0    Dex:  9    Spells: 6/26 levels left

rFire   + + +      SeeInvis .   H - +4 mace of Moopiyf {freeze, rF+++ rN++ rCorr Dex-4}
rCold   . . .      Faith    .   (no shield)
rNeg    + + +      Spirit   .   u - +1 ring mail "Xiega" {Rampage rN+ Str+3}
rPois   .          Reflect  .   (no helmet)
rElec   .          Harm     .   (no cloak)
rCorr   +          Rampage  +   (no gloves)
Will    .....                   (no boots)
Stlth   +.........              (no amulet)
HPRegen 0.20/turn               x - ring of wizardry
MPRegen 0.18/turn               C - +4 ring of protection

@: no status effects
A: reduced essence, demonic guardian 3, sharp scales 2, demonic touch 2
a: Renounce Religion, Recall Ancestor, Ancestor Identity


You were on level 1 of the Lair of Beasts.
You worshipped Hepliaklqana.
Hepliaklqana was pleased with you.
You visited 3 branches of the dungeon, and saw 10 of its levels.

You collected 941 gold pieces.
You spent 588 gold pieces at shops.

Inventory:

Hand Weapons
 e - a +1 short sword of venom
 H - the +4 mace of Moopiyf (weapon) {freeze, rF+++ rN++ rCorr Dex-4}
   (You found it on level 6 of the Dungeon)

   It freezes those it strikes, dealing additional cold damage.
   It can also slow down cold-blooded creatures.
   Dex:       It affects your dexterity (-4).
   rF:        It renders you almost immune to fire.
   rN:        It greatly protects you from negative energy.
   rCorr:     It protects you from acid and corrosion.
Missiles
 f - 63 stones (quivered)
 h - 13 poisoned darts
 p - 3 silver javelins
 w - 4 throwing nets
Armour
 u - the +1 ring mail "Xiega" (worn) {Rampage rN+ Str+3}
   (You found it on level 3 of the Dungeon)

   Str:       It affects your strength (+3).
   rN:        It protects you from negative energy.
   Rampage:   It bestows one free step when moving towards enemies.
 J - the +5 plate armour of Doymy {+Inv Str-4 Int+3 Dex+3}
   (You bought it in a shop on level 10 of the Dungeon)

   Str:       It affects your strength (-4).
   Int:       It affects your intelligence (+3).
   Dex:       It affects your dexterity (+3).
   +Inv:      It lets you turn invisible.
Jewellery
 i - a +6 ring of strength
 x - a ring of wizardry (left hand)
 y - an amulet of faith
 C - a +4 ring of protection (right hand)
 F - a ring of flight
Wands
 a - a wand of digging (1)
Scrolls
 c - 3 scrolls of noise {unknown}
 d - 3 scrolls of blinking {unknown}
 g - 3 scrolls of vulnerability {unknown}
 l - 4 scrolls of teleportation {unknown}
 m - 2 scrolls of poison {unknown}
 s - a scroll of brand weapon
 D - 2 scrolls of butterflies
 E - 2 scrolls of fear {unknown}
 G - 2 scrolls of amnesia {unknown}
 I - a scroll of identify
Potions
 b - a potion of magic
 j - a potion of attraction
 k - a potion of haste {unknown}
 n - 6 potions of curing
 q - 4 potions of flight
 r - 4 potions of might {unknown}
 v - a potion of resistance {unknown}
 z - a potion of lignification
 A - a potion of brilliance
 B - 2 potions of mutation


   Skills:
 + Level 2.7 Fighting
 + Level 2.9 Short Blades
 * Level 3.2 Maces & Flails
 - Level 6.3 Armour
 + Level 3.9 Dodging
 + Level 3.5 Stealth
 + Level 8.6 Spellcasting
 + Level 2.9 Hexes
 + Level 9.6 Summonings
 + Level 1.2 Air Magic


You had 6 spell levels left.
You knew the following spells:

 Your Spells              Type           Power      Damage    Failure   Level
a - Summon Small Mammal   Summ           100%       N/A       1%          1
b - Call Imp              Summ           49%        N/A       1%          2
c - Call Canine Familiar  Summ           49%        N/A       1%          3
d - Summon Guardian Gole  Hex/Summ       35%        N/A       1%          3
e - Summon Lightning Spi  Summ/Air       31%        N/A       7%          4
f - Frozen Ramparts       Ice            18%        1d3       19%         3
g - Summon Ice Beast      Ice/Summ       29%        N/A       9%          4

Your spell library contained the following spells:

 Spells                   Type           Power      Damage    Failure   Level
 Beastly Appendage        Tmut           18%        N/A       6%          1
 Wereblood                Tmut           9%         N/A       10%         2
 Gell's Gravitas          Tloc           9%         N/A       19%         3
 Spider Form              Tmut/Pois      9%         N/A       19%         3
 Teleport Other           Tloc           9%         N/A       19%         3
 Ice Form                 Ice/Tmut       9%         N/A       50%         4
 Dispersal                Tloc           4%         N/A       100%        6


Dungeon Overview and Level Annotations

Branches:
Dungeon (10/15)            Temple (1/1) D:6            Lair (1/5) D:10
    Orc: D:9-12

Altars:
Ashenzari
Cheibriados
Dithmenos
Fedhas
Gozag
Hepliaklqana
Makhleb
Okawaru
Qazlal
Ru
Sif Muna
Trog
Uskayaw
Vehumet
Wu Jian
Xom
Yredelemnul

Shops:
D:7 (   D:10 *[*


Innate Abilities, Weirdness & Mutations

Your life essence is reduced to manifest your ancestor. (-10% HP)
A powerful demonic guardian rushes to your aid.
You are mostly covered in razor-sharp scales. (AC +2, Slay +2)
Your touch may inflict irresistible damage on your foes.


Message History

You throw a stone. The stone hits the bullfrog.
The bullfrog is lightly wounded.
The bullfrog hits you but does no damage.
You thump the bullfrog! You freeze the bullfrog.
Your touch misses the bullfrog.
The bullfrog is heavily wounded.
The bullfrog hits you but does no damage. x2
You closely miss the bullfrog. Your touch misses the bullfrog.
The bullfrog is heavily wounded.
The bullfrog hits you.
You hit the bullfrog. You freeze the bullfrog. Your touch misses the bullfrog.
The bullfrog is severely wounded.
The bullfrog hits you but does no damage. x2
You thump the bullfrog! You freeze the bullfrog.
You kill the bullfrog!
You see here a bullfrog corpse.
A six-headed hydra comes into view.
The six-headed hydra moves out of view.
The six-headed hydra bites you!
A demonic guardian appears!
The six-headed hydra closely misses you.
The six-headed hydra bites you. The six-headed hydra bites you! x2
The six-headed hydra bites you. The six-headed hydra bites you!
* * * LOW HITPOINT WARNING * * *
The six-headed hydra bites you!
* * * LOW HITPOINT WARNING * * *
The six-headed hydra completely misses you.
The six-headed hydra bites you but does no damage. x2
The six-headed hydra bites you.
* * * LOW HITPOINT WARNING * * *
Your wolf bites the six-headed hydra!
Your wolf bites the six-headed hydra!
Your smoke demon gestures at the six-headed hydra.
The sticky flame hits the six-headed hydra.
The six-headed hydra is covered in liquid flames!
CatWorld gestures at the six-headed hydra while chanting.
The stone arrow hits the six-headed hydra!
The six-headed hydra attacks as you move away!
The six-headed hydra bites you.
You die...

.)#........#.##.#..
#.# #.#.
.........#.#.#..#..
..# #.#.
.#.....##......#
.#.#.
......#...##.#
..... .... #....#
.#.#. .... ##...#
#. .#. #...## #.#.
#. #R3..# #...
.#...##D@.## ...#.
.P.....h...# ...#.
............... ..
#. .#.........#...#
#. #......#.##.#.#
.P. ........#.# # #
.... ..........#
..# ..........#
........P


You could see the friendly CatWorld the battlemage, a six-headed hydra (burning,
ally target), a friendly smoke demon (summoned) and a friendly wolf (summoned).

Vanquished Creatures
  Pikel (D:5)
  A wraith (D:10)
  2 yaks (D:10)
  A water moccasin (D:7)
  2 sky beasts
  A lemure (D:5)
  A bullfrog (Lair:1)
  A scorpion (D:6)
  Dowan (D:6)
  2 howler monkeys
  A hound (D:5)
  A gnoll bouda (D:7)
  2 iguanas
  4 orc wizards
  A gnoll (D:3)
  8 adders
  2 dart slugs
  11 orcs
  3 endoplasms
  A giant cockroach (D:3)
  2 goblins
  2 hobgoblins
  2 jackals
  4 kobolds
  2 ball pythons
  4 bats
  A frilled lizard (D:3)
  A rat (D:2)
65 creatures vanquished.

Vanquished Creatures (collateral kills)
  The ghost of SirLogeyBear the Cleaver, a novice HOBe of Trog (D:6)
  A cane toad (Lair:1)
  An unseen horror (D:10)
  Grinder (D:4)
  2 shadows (D:10)
  5 yaks (D:10)
  A wyvern (Lair:1)
  A water moccasin (D:5)
  An orc warrior (D:7)
  A centaur (D:7)
  An ogre (D:4)
  A phantom (D:5)
  A necrophage (D:7)
  Blork the orc (D:4)
  2 killer bees (D:10)
  A howler monkey (D:5)
  A hound (D:5)
  A jelly (D:5)
  An orc priest (D:3)
  2 iguanas
  2 orc wizards
  2 adders
  6 gnolls
  A shadow imp (D:6)
  A white imp (D:7)
  2 worms (D:4)
  A dart slug (D:2)
  15 orcs
  6 ball pythons
  4 bats
  3 endoplasms
  3 goblins
  3 hobgoblins
  9 jackals
  4 quokkas
  A frilled lizard (D:1)
  4 kobolds
  4 rats
98 creatures vanquished.

Vanquished Creatures (others)
  A two-headed ogre (D:10)
  A gargoyle (D:10)
  4 yaks (D:10)
  Edmund (D:6)
  Duvessa (D:6)
  2 lemures (D:5)
  A scorpion (D:6)
  4 killer bees (D:10)
  2 orc wizards (D:6)
  2 ancestors (D:10)
  A gnoll (D:7)
  A shadow imp (D:6)
  4 orcs
  19 fungi (D:4)
  10 plants
54 creatures vanquished.

Grand Total: 217 creatures vanquished

Notes
Turn   | Place    | Note
-------+----------+-------------------------------------------
     0 | D:1      | xian the Demonspawn Summoner began the quest for the Orb.
     0 | D:1      | Reached XP level 1. HP: 13/13 MP: 3/3
   336 | D:1      | Gained mutation: A weak demonic guardian rushes to your
                  | aid. [demonic ancestry]
   336 | D:1      | Reached XP level 2. HP: 19/19 MP: 1/5
   339 | D:1      | Learned a level 2 spell: Call Imp
  1094 | D:1      | Found a faded altar of an unknown god.
  1443 | D:1      | Gained mutation: You are partially covered in razor-sharp
                  | scales. (AC +1, Slay +1) [demonic ancestry]
  1443 | D:1      | Reached XP level 3. HP: 16/24 MP: 2/6
  1621 | D:1      | Learned a level 3 spell: Call Canine Familiar
  1737 | D:2      | Gained mutation: Your touch may inflict minor irresistible
                  | damage on your foes. [demonic ancestry]
  1737 | D:2      | Reached XP level 4. HP: 26/30 MP: 3/8
  2528 | D:3      | Identified the +1 ring mail "Xiega" {Rampage rN+ Str+3}
  2548 | D:3      | Reached skill level 1 in Short Blades
  2548 | D:3      | Gained mutation: A demonic guardian rushes to your aid.
                  | [demonic ancestry]
  2548 | D:3      | Reached XP level 5. HP: 35/36 MP: 6/9
  2553 | D:3      | Reached skill level 1 in Armour
  2578 | D:3      | Reached skill level 5 in Summonings
  3204 | D:4      | Noticed Grinder
  3216 | D:4      | Killed Grinder
  3217 | D:4      | Reached skill level 1 in Fighting
  3217 | D:4      | Reached XP level 6. HP: 24/43 MP: 4/11
  3382 | D:4      | Noticed Blork the orc
  3387 | D:4      | Killed Blork the orc
  3621 | D:4      | Gained mutation: A powerful demonic guardian rushes to your
                  | aid. [demonic ancestry]
  3621 | D:4      | Reached XP level 7. HP: 41/48 MP: 12/12
  3777 | D:4      | Found a burning altar of Makhleb.
  3826 | D:4      | Learned a level 3 spell: Summon Guardian Golem
  3888 | D:4      | Found a snail-covered altar of Cheibriados.
  3888 | D:4      | Found a shadowy altar of Dithmenos.
  4090 | D:4      | Learned a level 4 spell: Summon Lightning Spire
  4152 | D:4      | Identified a scroll of acquirement
  4153 | D:4      | Acquired 524 gold pieces
  4157 | D:5      | Entered Level 5 of the Dungeon
  4293 | D:5      | Reached skill level 6 in Summonings
  4872 | D:5      | Gained mutation: You are mostly covered in razor-sharp
                  | scales. (AC +2, Slay +2) [demonic ancestry]
  4872 | D:5      | Reached XP level 8. HP: 54/54 MP: 11/15
  5150 | D:5      | Noticed Pikel
  5182 | D:5      | Killed Pikel
  5183 | D:5      | Reached skill level 5 in Spellcasting
  5308 | D:6      | Noticed SirLogeyBear's ghost (novice HOBe)
  5308 | D:6      | Found a large runed translucent door.
  5308 | D:6      | Found a large runed translucent door.
  5322 | D:6      | Noticed Edmund
  5325 | D:6      | Noticed Dowan
  5329 | D:6      | Noticed Duvessa
  5337 | D:6      | Reached skill level 1 in Hexes
  5337 | D:6      | Reached skill level 7 in Summonings
  5338 | D:6      | Killed Edmund
  5344 | D:6      | Killed Duvessa
  5345 | D:6      | Reached skill level 5 in Armour
  5353 | D:6      | Gained mutation: Your touch may inflict irresistible damage
                  | on your foes. [demonic ancestry]
  5353 | D:6      | Reached XP level 9. HP: 34/61 MP: 6/17
  5386 | D:6      | Killed Dowan
  5752 | D:6      | Found a staircase to the Ecumenical Temple.
  5767 | Temple   | Entered the Ecumenical Temple
  5804 | Temple   | Became a worshipper of Hepliaklqana the Forgotten
  5860 | D:6      | Identified the +4 mace of Moopiyf {freeze, rF+++ rN++ rCorr
                  | Dex-4}
  6200 | D:6      | Killed SirLogeyBear's ghost
  6340 | D:6      | Learned a level 3 spell: Frozen Ramparts
  6606 | D:7      | Found Nyaklaq's Weapon Shoppe.
  6755 | D:7      | Reached * piety under Hepliaklqana
  6758 | D:7      | You fall into a shaft and drop 3 floors!
  6758 | D:10     | Entered Level 10 of the Dungeon
  6799 | D:10     | Reached skill level 8 in Summonings
  6824 | D:10     | Reached XP level 10. HP: 58/61 MP: 7/21
  6973 | D:10     | Noticed a two-headed ogre
  6984 | D:10     | Killed a two-headed ogre
  6985 | D:10     | Reached skill level 1 in Maces & Flails
  7011 | D:10     | Found Tuichuta's Assorted Antiques.
  7085 | D:10     | Found an iron altar of Okawaru.
  7124 | D:10     | Reached skill level 1 in Air Magic
  7344 | D:10     | Found Laramiro's Assorted Antiques.
  7347 | D:10     | Bought a scroll labelled JURPHI GOGI OXKIN for 30 gold
                  | pieces
  7347 | D:10     | Bought 2 clear potions for 54 gold pieces
  7431 | D:10     | Found a staircase to the Lair.
  7586 | D:10     | Reached skill level 9 in Summonings
  7611 | D:10     | Noticed a gargoyle
  7621 | D:10     | Killed a gargoyle
  7623 | D:10     | Found Eluhupha's Antique Armour Boutique.
  7773 | D:10     | Bought a black opal-encrusted plate armour for 504 gold
                  | pieces
  7773 | D:10     | Identified the +5 plate armour of Doymy {+Inv Str-4 Int+3
                  | Dex+3} (You bought it in a shop on level 10 of the Dungeon)
  7811 | D:10     | Learned a level 4 spell: Summon Ice Beast
  7918 | Lair:1   | Entered Level 1 of the Lair of Beasts
  7922 | Lair:1   | Noticed a cane toad
  7923 | Lair:1   | Reached ** piety under Hepliaklqana
  7924 | Lair:1   | Remembered your ancestor CatWorld as a battlemage
  7929 | Lair:1   | Killed a cane toad
  8058 | Lair:1   | Noticed a six-headed hydra
  8064 | Lair:1   | Slain by a six-headed hydra

Illustrated notes

Levels and vault maps discovered:
D:1:      lightli_molten_gateway, layout_loops_ring, basic_ecumenical_altar,
          minmay_shallow_snake_nest
D:2:      layout_basic
D:3:      layout_loops_ring
D:4:      layout_basic, chequers_temple_overflow_statue_of_worship,
          dreamdust_mushroom_princess, uniq_blork_the_orc, uniq_grinder
D:5:      layout_gridville, uniq_pikel
D:6:      layout_rooms, minmay_temple_entry_statues_fountains,
          ebering_ghost_disaster_area, st_stairs_3, uniq_duvessa, uniq_edmund
D:7:      layout_rooms, ebering_ghost_gozag, serial_shops, shop_statue,
          kennysheep_small_square
D:10:     layout_irregular_city, mainiacjoe_overflow_alcove_1,
          dpeg_oklobed_lair, serial_shops, kennysheep_mini,
          nicolae_shop_waterfront, nicolae_take_the_stairs
Temple:   minmay_freezing_vapour_temple
Lair:1:   layout_long_grid, minivault_23, minmay_lair_oklob_items,
          beast_lair_carwin_7

Skill      XL: |  1  2  3  4  5  6  7  8  9 10 |
---------------+-------------------------------+-----
Dodging        | 2 3 |  3.9
Stealth        | 2 3 |  3.5
Spellcasting   | 3 4 5 7 8 |  8.6
Short Blades   | 1 2 |  2.9
Armour         | 2 3 4 5 6 |  6.3
Summonings     | 5 6 7 8 9 |  9.6
Fighting       | 1 2 |  2.7
Hexes          | 1 2 |  2.9
Maces & Flails | 3 |  3.2
Air Magic      | 1 |  1.2

Action                   |  1- 3 |  4- 6 |  7- 9 | 10-12 || total
-------------------------+-------+-------+-------+-------++-------
Melee: Unarmed           |    20 |       |       |       ||    20
       Short sword       |    26 |    42 |    92 |       ||   160
       Touch             |       |     9 |    23 |     6 ||    38
       Punch             |       |     1 |     1 |       ||     2
       Mace              |       |       |    22 |    22 ||    44
Throw: Stone             |       |       |     4 |     6 ||    10
 Cast: Summon Small Mamm |    18 |     1 |     4 |       ||    23
       Call Imp          |    10 |     9 |    15 |     5 ||    39
       Call Canine Famil |     2 |    10 |    20 |     7 ||    39
       Summon Guardian G |       |       |    15 |     7 ||    22
       Summon Lightning  |       |       |     4 |     3 ||     7
       Frozen Ramparts   |       |       |       |     1 ||     1
Invok: Ancestor Identity |       |       |     1 |     1 ||     2
       Recall Ancestor   |       |       |       |     1 ||     1
       Ancestor Life: Ba |       |       |       |     1 ||     1
  Use: Scroll            |       |       |     7 |     1 ||     8
       Potion            |       |       |     4 |       ||     4
 Stab: Sleeping          |     4 |     1 |     2 |       ||     7
       Distracted        |       |     1 |       |       ||     1
Armor: Robe              |    20 |       |       |       ||    20
       Leather armour    |       |     5 |    39 |       ||    44
       Ring mail         |       |       |    20 |    21 ||    41
Dodge: Dodged            |    67 |    19 |    70 |    11 ||   167
